 Dungeon Crawl Stone Soup version 0.26.1-10-gdfb7c7de75 (webtiles) character file.

Game seed: 287297487513811609

26907 Eitelfritz the Carver (level 13, -5/114 HPs)
             Began as a Hill Orc Fighter on Apr 11, 2021.
             Was a High Priest of the Shining One.
             Slain by a minotaur
             ... wielding the +7 whip of Jyshruyse {vorpal, *Drain rPois rN+++ Int+3}
              (6 damage)
             ... in a Gauntlet.
             The game lasted 00:45:05 (18920 turns).

Eitelfritz the Carver (Hill Orc Fighter)           Turns: 18920, Time: 00:45:06

Health: -5/114     AC: 21    Str: 22    XL:     13   Next: 29%
Magic:  19/19      EV: 13    Int: 10    God:    the Shining One [*****.]
Gold:   966        SH: 12    Dex: 10    Spells: 12/12 levels left

rFire    . . .     SeeInvis .   K - +0 morningstar (flame)
rCold    . . .     Faith    .   c - +0 kite shield
rNeg     + + .     Spirit   .   G - +1 chain mail of the Hanged Man {rPois Will+}
rPois    +         Reflect  .   p - +2 helmet
rElec    .         Harm     .   e - +2 cloak {rCorr}
rCorr    +         Rampage  .   O - +1 pair of gloves
Will     ++...     NoTele   +   (no boots)
Stlth    ..........             (no amulet)
HPRegen  0.29/turn              w - +4 ring of evasion
MPRegen  0.16/turn              N - ring of willpower

@: hasted (expiring), glowing, very quick
A: no striking features
a: Renounce Religion, Divine Shield, Cleansing Flame, Summon Divine Warrior


You were in a Gauntlet.
You worshipped the Shining One.
The Shining One was extremely pleased with you.
You visited 2 branches of the dungeon, and saw 16 of its levels.
You also visited: Gauntlet.

You collected 966 gold pieces.

Inventory:

Hand Weapons
 a - a +2 scimitar
 b - a +3 vorpal fustibalus
 d - a +0 vorpal flail
 F - a cursed +2 falchion of freezing
 K - a +0 morningstar of flaming (weapon)
 Q - a +2 long sword of holy wrath
Missiles
 j - 10 atropa-tipped darts
 r - 27 poisoned darts
 y - 53 sling bullets
 I - a throwing net (quivered)
Armour
 c - a +0 kite shield (worn)
 e - a +2 cloak of preservation (worn)
 n - a +0 chain mail
 p - a +2 helmet (worn)
 s - a scarf of invisibility
 G - the +1 chain mail of the Hanged Man (worn) {rPois Will+}
   (You found it on level 9 of the Dungeon)

   It protects you from poison.
   It affects your willpower, your defense against some magical effects.
 L - +0 swamp dragon scales
 O - a +1 pair of gloves (worn)
 Y - a +2 cloak of poison resistance
Jewellery
 h - an uncursed amulet of regeneration {unknown}
 w - a +4 ring of evasion (left hand)
 z - an uncursed amulet of faith
 C - an uncursed ring of poison resistance
 N - a ring of willpower (right hand)
Wands
 f - a wand of random effects (32)
 l - a wand of digging (13)
 q - a wand of flame (23)
 B - a wand of acid (14)
 E - a wand of disintegration (5)
 U - a wand of polymorph (12)
 W - a wand of iceblast (12)
Scrolls
 o - 7 scrolls of remove curse
 v - 4 scrolls of teleportation
 A - 2 scrolls of fear
 P - a scroll of enchant weapon
 R - a scroll of fog
Potions
 g - 3 potions of lignification
 i - 9 potions of curing
 k - a potion of haste
 m - a potion of berserk rage {unknown}
 t - 2 potions of brilliance {unknown}
 u - 2 potions of invisibility
 x - 4 potions of flight
 D - a potion of mutation {unknown}
 J - a potion of magic {unknown}
 S - a potion of resistance {unknown}
 X - a potion of cancellation {unknown}


   Skills:
 + Level 10.7 Fighting
 + Level 13.6 Long Blades
 + Level 1.8(3.1) Slings
 + Level 3.8(4.0) Throwing
 + Level 9.9 Armour
 + Level 4.8 Dodging
 + Level 1.0 Stealth
 + Level 10.7 Shields
 * Level 8.7 Invocations
 + Level 4.0 Evocations


You had 12 spell levels left.
You didn't know any spells.
Your spell library was empty.

Dungeon Overview and Level Annotations

Branches:
Dungeon (14/15)            Temple (1/1) D:6            Lair (0/6) D:11
    Orc (0/2) D:11        Gauntlet (1/1)
 Vaults: D:13-14

Altars:
Ashenzari
Cheibriados
Dithmenos
Elyvilon
Fedhas
Gozag
Hepliaklqana
Kikubaaqudgha
Makhleb
Nemelex Xobeh
Okawaru
Qazlal
Ru
Sif Muna
Trog
Uskayaw
Vehumet
Wu Jian
Xom
Yredelemnul
Zin
The Shining One

Annotations:
Gauntlet 6 transporters, 1 runed translucent door


Message History

You block the minotaur's attack. The minotaur barely misses you.
You hit the minotaur but do no damage.
The minotaur is severely wounded.
The minotaur barely misses you. The minotaur misses you.
You hit the minotaur but do no damage.
The minotaur is severely wounded.
The minotaur hits you but does no damage.
You block the minotaur's attack.
You hit the minotaur. You burn the minotaur.
The minotaur is severely wounded.
You block the minotaur's attack.
The minotaur gores you but does no damage.
You hit the minotaur but do no damage.
The minotaur is severely wounded.
You block the minotaur's attack. x2
You hit the minotaur but do no damage.
The minotaur is severely wounded.
The minotaur hits you with the +7 whip of Jyshruyse {vorpal, *Drain rPois rN+++ Int+3}!!
* * * LOW HITPOINT WARNING * * *
You die...

..##.##..##....... ..##
#....##...#..#####
#....##.##......#..#.+..
#....##(##.©.#8.#.###
######.(..##...#..#F..#
#∩.(((.##....©.#∩.###.#
#
######(##.##...#..#l#..
#..## #H...##.©.#8.#(###
#....##@##......#..#/.=.
#..(.##.##...#..#####
#.##.(..##..##....... ..
#.##....## ..## ## ##
.(##.#### .# #h ###


You could see a minotaur.

Vanquished Creatures
  Harold (D:9)
  A boulder beetle (D:12)
  2 two-headed ogres
  2 centaur warriors (D:13)
  The ghost of Phaedo the Covert, a novice OpDe of Elyvilon (D:8)
  2 deep elf magi
  9 ugly things
  A cyclops (D:12)
  An ice statue (Gauntlet)
  4 centaur zombies
  An apocalypse crab (Gauntlet)
  4 molten gargoyles (D:10)
  2 centaur skeletons
  A rime drake (Gauntlet)
  Maggie (D:10)
  3 trolls
  A hornet (D:10)
  Prince Ribbit (D:5)
  6 slime creatures (D:11)
  5 flying skulls (Gauntlet)
  9 yaks (D:11)
  2 wraiths (D:11)
  3 wyverns
  7 vampire mosquitoes (D:13)
  Edmund (D:4)
  3 water moccasins
  4 orc warriors
  3 sky beasts
  2 phantoms
  An eye of draining (D:11)
  4 ice beasts
  5 ogres
  15 centaurs
  2 big kobolds
  10 bullfrogs
  A gnoll sergeant (D:9)
  A wyvern skeleton (D:13)
  3 scorpions
  A jelly (D:13)
  22 wights
  2 howler monkeys
  A bullfrog zombie (D:6)
  2 lava snakes (D:10)
  6 crimson imps (D:13)
  2 quasits
  Crazy Yiuf (D:3)
  13 orc wizards
  4 orc priests
  4 hounds
  3 bullfrog skeletons
  Ijyb (D:5)
  5 iguanas
  12 worker ants
  A killer bee zombie (D:3)
  3 hound zombies
  3 gnolls (D:9)
  13 adders
  3 river rats (D:12)
  2 shadow imps
  7 white imps
  3 ufetubi
  2 oozes (D:5)
  An adder skeleton (D:9)
  5 worms
  3 dart slugs
  8 leopard geckos
  43 orcs
  7 giant cockroaches
  4 goblins
  9 hobgoblins
  5 jackals
  5 quokkas
  3 ball pythons
  5 bats
  10 frilled lizards
  2 jackal skeletons (D:8)
  12 kobolds
  A leopard gecko skeleton (D:5)
  A quokka skeleton (D:7)
  5 rats
370 creatures vanquished.

Vanquished Creatures (others)
  4 demonic plants (Gauntlet)
4 creatures vanquished.

Grand Total: 374 creatures vanquished

Notes
Turn   | Place    | Note
-------+----------+-------------------------------------------
     0 | D:1      | Eitelfritz the Hill Orc Fighter began the quest for the
                  | Orb.
     0 | D:1      | Reached XP level 1. HP: 19/19 MP: 1/1
   232 | D:1      | Reached XP level 2. HP: 27/27 MP: 2/2
   751 | D:1      | Reached XP level 3. HP: 26/33 MP: 3/3
  1174 | D:2      | Reached skill level 3 in Long Blades
  1532 | D:2      | Reached XP level 4. HP: 37/40 MP: 4/4
  2552 | D:3      | Reached XP level 5. HP: 46/46 MP: 5/5
  2820 | D:3      | Reached skill level 4 in Long Blades
  3196 | D:3      | Found a runed translucent door.
  3197 | D:3      | Noticed Crazy Yiuf
  3266 | D:3      | Killed Crazy Yiuf
  3634 | D:4      | Reached skill level 5 in Long Blades
  3634 | D:4      | Reached XP level 6. HP: 51/53 MP: 6/6
  4463 | D:4      | Noticed Edmund
  4464 | D:4      | Reached skill level 7 in Long Blades
  4464 | D:4      | Reached skill level 5 in Invocations
  4464 | D:4      | Reached XP level 7. HP: 64/64 MP: 6/11
  4483 | D:4      | Killed Edmund
  5022 | D:5      | Entered Level 5 of the Dungeon
  5092 | D:5      | Reached XP level 8. HP: 68/73 MP: 12/12
  5469 | D:5      | Found a glowing golden altar of the Shining One.
  5734 | D:5      | Noticed Ijyb
  5742 | D:5      | Killed Ijyb
  5947 | D:5      | Noticed Prince Ribbit
  5961 | D:5      | Killed Prince Ribbit
  6293 | D:5      | Became a worshipper of the Shining One
  6325 | D:5      | Reached skill level 8 in Long Blades
  6738 | D:6      | Reached XP level 9. HP: 78/79 MP: 13/13
  6997 | D:6      | Found a staircase to the Ecumenical Temple.
  7093 | Temple   | Entered the Ecumenical Temple
  7291 | D:7      | Found a shimmering blue altar of Sif Muna.
  7291 | D:7      | Found a shimmering altar of Xom.
  7299 | D:7      | Found a faded altar of an unknown god.
  7301 | D:7      | Found a white marble altar of Elyvilon.
  7303 | D:7      | Found a faded altar of an unknown god.
  7438 | D:7      | Found a broken altar of Ashenzari.
  7438 | D:7      | Found an opulent altar of Gozag.
  7764 | D:7      | Reached skill level 1 in Slings
  8216 | D:8      | Found a runed translucent gate.
  8336 | D:8      | Found a runed translucent gate.
  8336 | D:8      | Found a runed translucent gate.
  8341 | D:8      | Noticed Phaedo's ghost (novice OpDe)
  8341 | D:8      | Reached * piety under the Shining One
  8514 | D:8      | Reached skill level 9 in Long Blades
  8887 | D:8      | Noticed a boulder beetle
  9972 | D:8      | Found a sacrificial altar of Ru.
 10072 | D:8      | Reached XP level 10. HP: 88/88 MP: 14/14
 10412 | D:9      | Got a masterwork chain mail
 10636 | D:9      | Found a snail-covered altar of Cheibriados.
 10878 | D:9      | Identified the +1 chain mail of the Hanged Man {rPois
                  | Will+} (You found it on level 9 of the Dungeon)
 10906 | D:10     | Entered Level 10 of the Dungeon
 10909 | D:10     | Noticed a molten gargoyle
 10909 | D:10     | Noticed a molten gargoyle
 10909 | D:10     | Reached ** piety under the Shining One
 11125 | D:10     | Noticed Harold
 11168 | D:9      | Killed Harold
 11457 | D:10     | Reached skill level 10 in Long Blades
 11598 | D:10     | Killed a molten gargoyle
 11800 | D:10     | Noticed a molten gargoyle
 11809 | D:10     | Killed a molten gargoyle
 11815 | D:10     | Killed a molten gargoyle
 11854 | D:10     | Noticed a molten gargoyle
 11868 | D:10     | Killed a molten gargoyle
 11869 | D:10     | Reached XP level 11. HP: 85/95 MP: 15/15
 12272 | D:10     | Noticed Maggie
 12290 | D:10     | Killed Maggie
 13093 | D:8      | Killed Phaedo's ghost
 13198 | D:11     | Noticed a red ugly thing
 13198 | D:11     | Reached *** piety under the Shining One
 13209 | D:11     | Killed a red ugly thing
 13210 | D:11     | Reached skill level 11 in Long Blades
 13354 | D:11     | Noticed a white ugly thing
 13365 | D:11     | Killed a white ugly thing
 13478 | D:11     | Found a shadowy altar of Dithmenos.
 13524 | D:11     | Reached skill level 1 in Stealth
 13927 | D:11     | Found a staircase to the Lair.
 14068 | D:11     | Found a staircase to the Orcish Mines.
 14247 | D:12     | Noticed a two-headed ogre
 14269 | D:11     | Reached skill level 12 in Long Blades
 14688 | D:11     | Killed a two-headed ogre
 14689 | D:11     | Reached XP level 12. HP: 90/105 MP: 16/16
 15020 | D:12     | Reached **** piety under the Shining One
 15330 | D:12     | Noticed a boulder beetle
 15367 | D:12     | Killed a boulder beetle
 15642 | D:12     | Reached skill level 10 in Shields
 16064 | D:13     | Reached skill level 10 in Fighting
 16322 | D:13     | Noticed a centaur warrior
 16332 | D:13     | Killed a centaur warrior
 16660 | D:13     | Reached skill level 13 in Long Blades
 16699 | D:13     | Reached ***** piety under the Shining One
 17033 | D:13     | Noticed a two-headed ogre
 17043 | D:13     | Killed a two-headed ogre
 17105 | D:13     | Noticed a centaur warrior
 17122 | D:13     | Killed a centaur warrior
 17191 | D:13     | Reached XP level 13. HP: 108/114 MP: 19/19
 17631 | D:14     | Noticed a vault guard
 17747 | D:14     | HP: 3/114 [cyan ugly thing (14)]
 18189 | D:14     | You fall into a shaft and drop 1 floor!
 18189 | D:15     | Entered Level 15 of the Dungeon
 18189 | D:15     | Found a gate leading to a gauntlet.
 18197 | Gauntlet | Entered a Gauntlet
 18197 | Gauntlet | Found a transporter.
 18197 | Gauntlet | Found a transporter.
 18225 | Gauntlet | Found a transporter.
 18235 | Gauntlet | Found a transporter.
 18235 | Gauntlet | Found a transporter.
 18256 | Gauntlet | HP: 2/114 [something (11)]
 18666 | Gauntlet | Found a transporter.
 18684 | Gauntlet | Found a transporter.
 18684 | Gauntlet | Found a transporter.
 18756 | Gauntlet | Found a transporter.
 18768 | Gauntlet | Noticed a bunyip
 18773 | Gauntlet | a bunyip changed into a goliath frog
 18775 | Gauntlet | Noticed a ghost moth
 18775 | Gauntlet | a goliath frog changed into a ghost moth
 18776 | Gauntlet | a ghost moth changed into a goliath frog
 18782 | Gauntlet | Noticed an entropy weaver
 18782 | Gauntlet | a goliath frog changed into an entropy weaver
 18784 | Gauntlet | an entropy weaver changed into a tyrant leech
 18789 | Gauntlet | Noticed an ettin
 18789 | Gauntlet | a slime creature changed into an ettin
 18789 | Gauntlet | Noticed a bunyip
 18791 | Gauntlet | Found a transporter.
 18792 | Gauntlet | Noticed an entropy weaver
 18792 | Gauntlet | an ettin changed into an entropy weaver
 18793 | Gauntlet | Noticed a minotaur
 18793 | Gauntlet | an entropy weaver changed into a minotaur
 18799 | Gauntlet | Found a runed translucent door.
 18803 | Gauntlet | Noticed a storm dragon
 18812 | Gauntlet | a storm dragon changed into a satyr
 18813 | Gauntlet | a bunyip changed into a faun
 18830 | Gauntlet | Found a transporter.
 18863 | Gauntlet | Identified a scroll of acquirement
 18863 | Gauntlet | Acquired a +3 vorpal fustibalus
 18875 | Gauntlet | Found a transporter.
 18884 | Gauntlet | Identified the +7 whip of Jyshruyse {vorpal, *Drain rPois
                  | rN+++ Int+3}
 18884 | Gauntlet | Noticed a minotaur
 18920 | Gauntlet | HP: 1/114 [minotaur/the +7 whip of Jyshruyse {vorpal,
                  | *Drain rPois rN+++ Int+3} (21)]
 18920 | Gauntlet | Slain by a minotaur

Illustrated notes

Levels and vault maps discovered:
D:1:      dpeg_arrival_shrine, layout_loops_ring
D:2:      layout_basic, lemuel_old_faithful
D:3:      layout_loops_ring, uniq_crazy_yiuf_cottage
D:4:      layout_loops_corners, wad_orctagon, uniq_edmund
D:5:      layout_basic, tso_metal_star, uniq_prince_ribbit1, uniq_ijyb
D:6:      layout_gridville, minmay_temple_entry_enclosed_plants
D:7:      layout_loops_cross, chequers_temple_overflow_minitemple,
          gammafunk_temple_overflow_wave
D:8:      kennysheep_six_static_rooms, layout_basic,
          nicolae_overflow_crystal_walls, gammafunk_ghost_split
D:9:      layout_roguey, cheibriados_altar_2
D:10:     layout_layer_cave, minivault_8, uniq_harold, uniq_maggie
D:11:     layout_stronghold, lair_entry_dummy, orc_0_dummy,
          hangedman_decor_riveting, grunt_ministairs_1,
          chequers_serial_rivers_micro_c, grunt_dithmenos_smoke_and_mirrors
D:12:     layout_cave_pools, pond
D:13:     layout_irregular_city, serial_rivers, chequers_serial_rivers_room_a,
          chequers_serial_rivers_marsh, chequers_serial_rivers_micro_a,
          chequers_serial_rivers_small_b, chequers_serial_rivers_small_a,
          minmay_nine_imps
D:14:     layout_irregular_city, grunt_vaults_entry_fortified,
          minmay_misc_feat_four_crosses
D:15:     grunt_enter_depths_snipers, layout_cave_pools,
          fedhas_altar_fruit_tree, gauntlet_entry_generic, drop_trap
Temple:   eino_temple_lava
Gauntlet: gammafunk_gauntlet_mixed_choke_point
          [minmay_gauntlet_arena_77_squiggly,
          minmay_gauntlet_arena_77_broken_ladder,
          minmay_gauntlet_arena_77_museum, gammafunk_gauntlet_arena_teeth,
          minmay_gauntlet_arena_77_checkered, minmay_gauntlet_arena_77_path,
          minmay_gauntlet_arena_77_p_blocks, gauntlet_exit_green]

Skill      XL: |  1  2  3  4  5  6  7  8  9 10 11 12 |
---------------+-------------------------------------+-----
Fighting       | 4 6 7 8 9 10 | 10.7
Long Blades    | 3 5 7 8 9 10 12 13 | 13.6
Armour         | 4 6 7 8 9 |  9.9
Throwing       | 3 |  3.8
Dodging        | 3 4 |  4.8
Shields        | 6 7 8 9 10 | 10.7
Invocations    | 5 8 |  8.7
Evocations     | 4 |  4.0
Slings         | 1 |  1.8
Stealth        | 1 |  1.0

Action                   |  1- 3 |  4- 6 |  7- 9 | 10-12 | 13-15 || total
-------------------------+-------+-------+-------+-------+-------++-------
Melee: Long sword        |    96 |   226 |   483 |   188 |    24 ||  1017
       Scimitar          |       |       |       |   647 |   110 ||   757
       Morningstar       |       |       |       |       |    12 ||    12
 Fire: Hunting sling     |       |       |    37 |     8 |       ||    45
       Fustibalus        |       |       |       |       |    13 ||    13
Throw: Stone             |     1 |    25 |       |       |       ||    26
       Dart              |       |       |     2 |       |       ||     2
       Throwing net      |       |       |       |     4 |       ||     4
Evoke: Wand              |       |       |     1 |       |       ||     1
  Use: Scroll            |       |     9 |     6 |     2 |     5 ||    22
       Potion            |       |     2 |     1 |       |     4 ||     7
Armor: Scale mail        |    43 |    93 |   132 |       |       ||   268
       Chain mail        |       |       |    42 |   347 |    50 ||   439
Dodge: Dodged            |    31 |    68 |   156 |   409 |    61 ||   725
Block: Kite shield       |    51 |   121 |   239 |   549 |    63 ||  1023
       Rpst.: Long sword |    12 |    28 |    48 |    29 |     5 ||   122
       Scimitar          |       |       |       |    66 |     8 ||    74
